 Dungeon Crawl Stone Soup version 0.28-a0-1510-gd0f6b136d3 (webtiles) character file.

Game seed: 14419450460033790363

47 southernslant the Poker (level 3, -2/28 HPs)
             Began as a Demonspawn Gladiator on Jan 16, 2022.
             Slain by Terence (6 damage)
             ... on level 2 of the Dungeon.
             The game lasted 00:04:45 (1263 turns).

southernslant the Poker (Demonspawn Gladiator)      Turns: 1263, Time: 00:04:45

Health: -2/28      AC:  5    Str: 16    XL:     3   Next: 48%
Magic:  3/3        EV: 12    Int:  9    God:
Gold:   65         SH:  0    Dex: 14    Spells: 2/2 levels left

rFire   . . .      SeeInvis .   a - +0 trident
rCold   . . .      Faith    .   (no shield)
rNeg    . . .      Spirit   .   b - +0 leather armour
rPois   .          Reflect  .   c - +0 helmet
rElec   .          Harm     .   (no cloak)
rCorr   .          Rampage  .   (no gloves)
Will    .....                   (no boots)
Stlth   +.........              (no amulet)
HPRegen 0.09/turn               (no ring)
MPRegen 0.08/turn               (no ring)

@: no status effects
A: rugged brown scales 1
a: no special abilities


You were on level 2 of the Dungeon.
You visited 1 branch of the dungeon, and saw 2 of its levels.

You collected 65 gold pieces.

Inventory:

Hand Weapons
 a - a +0 trident (weapon)
Missiles
 g - 24 stones (quivered)
Armour
 b - a +0 leather armour (worn)
 c - a +0 helmet (worn)
Magical Staves
 h - a staff of death
Scrolls
 e - a scroll of amnesia {unknown}
 i - a scroll of holy word {unknown}
Potions
 f - a potion of flight {unknown}


   Skills:
 * Level 2.6 Fighting
 + Level 3.0 Polearms
 + Level 2.1 Throwing
 * Level 1.2 Armour
 + Level 2.8 Dodging
 + Level 0.4 Evocations


You had 2 spell levels left.
You didn't know any spells.
Your spell library was empty.

Dungeon Overview and Level Annotations

Branches:
Dungeon (2/15)

Altars:

Annotations:
D:2 Terence


Innate Abilities, Weirdness & Mutations

You are partially covered in rugged brown scales. (AC +1, +3% HP)


Message History

Terence is moderately wounded.
Terence struggles against the net.
You hit Terence but do no damage.
Terence is moderately wounded.
Terence struggles against the net.
You hit Terence.
Terence is heavily wounded.
Terence struggles against the net.
You hit Terence.
Terence is heavily wounded.
Terence struggles against the net.
The net rips apart, and Terence comes free!
Throw: throwing net
Press: ? - help, Q - select action, (/) - cycle Shift-Dir - straight line, f/p - Terence
Aim: Terence, wielding a +2 vampiric trident and wearing a +0 chain mail (heavily wounded, 68% to hit)
You throw a throwing net. The throwing net hits Terence.
Terence is caught in the net!
Terence is heavily wounded.
Terence struggles against the net.
You hit Terence but do no damage.
Terence is heavily wounded.
Terence struggles against the net. x2
You hit Terence but do no damage.
Terence is heavily wounded.
Terence struggles against the net.
You hit Terence but do no damage.
Terence is heavily wounded.
Terence struggles against the net.
You hit Terence.
Terence is severely wounded.
Terence struggles against the net.
The net rips apart, and Terence comes free!
You hit Terence but do no damage.
Terence is severely wounded.
Terence looks scornfully at you. Terence closely misses you.
You hit Terence but do no damage.
Terence is severely wounded.
Terence hits you with a +2 vampiric trident.
You die...

#.. # #. .. ..... #...#
###.##.##.... #....
#.......#... #.#.#
#.≈≈≈≈≈.#.. ..
#.≈...≈...# ######### #
#.≈.<.≈.†.# #^....#
..≈...≈@..###.###.##
..≈._J≈@# #...# #..#
..≈...≈.# #.#.###..###.#
..≈≈≈≈≈.###.#..........#
............#.####.#####
.........####.####.#
########## #......#####
#######.†††. #.##..
#.##.#


You could see Terence and an endoplasm.

Vanquished Creatures
  An orc (D:2)
  6 endoplasms (D:1)
  4 goblins
  3 hobgoblins (D:1)
  4 jackals (D:2)
  A quokka (D:1)
  2 ball pythons (D:1)
  8 bats
  7 frilled lizards
  5 kobolds
  3 rats (D:1)
44 creatures vanquished.

Notes
Turn   | Place    | Note
-------+----------+-------------------------------------------
     0 | D:1      | southernslant the Demonspawn Gladiator began the quest for
                  | the Orb.
     0 | D:1      | Reached XP level 1. HP: 16/16 MP: 1/1
   304 | D:1      | Gained mutation: You are partially covered in rugged brown
                  | scales. (AC +1, +3% HP) [demonic ancestry]
   304 | D:1      | Reached XP level 2. HP: 16/22 MP: 2/2
   599 | D:1      | Reached skill level 1 in Armour
   870 | D:1      | Reached XP level 3. HP: 28/28 MP: 3/3
  1041 | D:2      | Reached skill level 3 in Polearms
  1230 | D:2      | Found a faded altar of an unknown god.
  1235 | D:2      | Noticed Terence
  1263 | D:2      | Slain by Terence

Illustrated notes

Levels and vault maps discovered:
D:1:      zelgadis_glass_arrival_small, layout_basic, patterned_corridor
D:2:      layout_loops_cross, nicolae_ecumenical_oubliette, uniq_terence

Skill      XL: |  1  2  3 |
---------------+----------+-----
Throwing       | 2 |  2.1
Armour         | 1 |  1.2
Polearms       | 3 |  3.0
Fighting       | |  2.6
Dodging        | |  2.8
Evocations     | |  0.4

Action                   || total
-------------------------++-------
Melee: Trident           ||   136
       Punch             ||     3
Throw: Throwing net      ||     4
 Stab: Sleeping          ||     6
       Held in net/web   ||     1
Armor: Leather armour    ||    31
Dodge: Dodged            ||    48

Table legend: (Time is in decaauts)
 A = Elapsed time spent in this place.
 B = Non-inter-level travel time spent in this place.
 C = Inter-level travel time spent in this place.
 D = Time resting spent in this place.
 E = Time spent auto-exploring this place.
 F = Levels seen in this place.
 G = Mean time per level.
                   A        B        C        D        E       F      G
               +--------+--------+--------+--------+--------+-----+--------+
         Total |   1283 |   1255 |     28 |      0 |    985 |   2 |  641.5 |
       Dungeon |   1283 |   1255 |     28 |      0 |    985 |   2 |  641.5 |
               +--------+--------+--------+--------+--------+-----+--------+

Top non-repeatable levels by time:
     D:1: 1030 daAuts
     D:2: 253 daAuts
